 Dungeon Crawl Stone Soup version 0.22-a0-135-g6f012ad (webtiles) character file.

74442 zero the Unseen (level 15, -4/80 HPs)
             Began as a Spriggan Enchanter on Jan 31, 2018.
             Was a High Priest of Kikubaaqudgha.
             Slain by a fire giant
             ... wielding a +2 great sword of flaming
              (30 damage)
             ... on level 15 of the Dungeon.
             The game lasted 01:16:16 (29933 turns).

zero the Unseen (Spriggan Enchanter)               Turns: 29933, Time: 01:16:17

Health: -4/80      AC:  6    Str:  4    XL:     15   Next: 6%
Magic:  8/30       EV: 37    Int: 17    God:    Kikubaaqudgha [*****.]
Gold:   90         SH:  0    Dex: 23    Spells: 3/34 levels left

rFire    + . .     SeeInvis +   d - +9 dagger of a bazaar {freeze, Stlth+}
rCold    + . .     Gourm    .   (shield restricted)
rNeg     . . .     Faith    .   b - +0 robe
rPois    .         Spirit   .   A - +2 hat
rElec    +         Reflect  .   Y - +1 cloak of Starlight {rElec rC+ EV+4 Stlth--}
rCorr    .         Harm     .   (gloves unavailable)
MR       ++...                  (boots unavailable)
Stlth    ++++++++..             y - amulet of regeneration
HPRegen  0.63/turn              w - ring of stealth
MPRegen  0.22/turn              x - ring of protection from fire

@: very quick
A: very small, unfitting armour, see invisible, herbivore, speed 3, slow
metabolism 2
a: Receive Corpses, Torment, Renounce Religion


You were on level 15 of the Dungeon.
You worshipped Kikubaaqudgha.
Kikubaaqudgha was extremely pleased with you.
You were not hungry.

You visited 3 branches of the dungeon, and saw 22 of its levels.

You collected 1485 gold pieces.
You spent 1395 gold pieces at shops.

Inventory:

Hand Weapons
 d - the +9 dagger of a bazaar (weapon) {freeze, Stlth+}
   (You acquired it on level 7 of the Dungeon)

   It has been specially enchanted to freeze those struck by it, causing extra
   injury to most foes and up to half again as much damage against particularly
   susceptible opponents.
   It can also slow down cold-blooded creatures.
   It makes you more stealthy.
Armour
 b - a +0 robe (worn)
 A - a +2 hat (worn)
 Y - the +1 cloak of Starlight (worn) {rElec rC+ EV+4 Stlth--}
   (You bought it in a shop on level 11 of the Dungeon)

   It affects your evasion (+4).
   It protects you from cold.
   It insulates you from electricity.
   It makes you much less stealthy.
 Z - a +0 buckler
Jewellery
 v - a +4 amulet of reflection
 w - a ring of stealth (left hand)
 x - a ring of protection from fire (right hand)
 y - an amulet of regeneration (around neck)
 G - an uncursed ring of positive energy
 J - a cursed amulet of inaccuracy {unknown}
 Q - an uncursed ring of protection from cold
Wands
 a - a wand of iceblast (11)
 g - a wand of clouds (6)
 t - a wand of paralysis (7)
 C - a wand of disintegration (48)
 H - a wand of digging (51)
 X - a wand of acid (6)
Scrolls
 e - 2 scrolls of fog
 f - a scroll of blinking
 h - 3 scrolls of fear
 k - 12 scrolls of teleportation
 o - 2 scrolls of identify
 p - 15 scrolls of remove curse
 s - 6 scrolls of magic mapping
 u - 4 scrolls of immolation
 M - 3 scrolls of enchant weapon
 O - a scroll of enchant armour
Potions
 j - 12 potions of curing
 l - 3 potions of haste
 m - 2 potions of ambrosia
 n - 6 potions of brilliance
 q - 5 potions of lignification
 r - 4 potions of heal wounds
 z - 4 potions of mutation
 D - 3 potions of flight
 E - a potion of invisibility
 K - 4 potions of resistance
 L - 3 potions of berserk rage
 P - 2 potions of agility
 S - 2 potions of cancellation
 T - 3 potions of might
 W - a potion of magic
Miscellaneous
 i - a lightning rod (3/4)
 B - a phial of floods
 I - a phial of floods
 U - a phial of floods
 V - a lightning rod (3/4)
Comestibles
 F - 10 rations


   Skills:
 - Level 10.0 Fighting
 - Level 10.0 Short Blades
 - Level 15.1 Dodging
 + Level 19.0 Stealth
 + Level 4.7 Shields
 - Level 10.0 Spellcasting
 - Level 10.0 Hexes
 - Level 8.0 Necromancy
 - Level 2.1 Evocations


You had 3 spell levels left.
You knew the following spells:

 Your Spells              Type           Power        Failure   Level  Hunger
a - Corona                Hex            #####..      1%          1    None
b - Ensorcelled Hibernat  Hex/Ice        ####..       1%          2    None
c - Confuse               Hex            #####...     1%          3    None
d - Tukima's Dance        Hex            #####...     1%          3    None
e - Animate Skeleton      Necr           N/A          1%          1    None
f - Regeneration          Chrm/Necr      ###.......   4%          3    None
g - Pain                  Necr           ####         1%          1    None
h - Passwall              Tmut/Erth      #.........   13%         2    None
i - Animate Dead          Necr           N/A          3%          4    ###....
j - Apportation           Tloc           #.....       9%          1    None
k - Agony                 Necr           #####...     9%          5    #####..
l - Dispel Undead         Necr           #####...     9%          5    #####..


Dungeon Overview and Level Annotations

Branches:
Dungeon (15/15)            Temple (1/1) D:4            Lair (6/6) D:9
 Shoals (0/4) Lair:4        Snake (0/4) Lair:4          Orc (0/2) D:11
 Vaults (0/5) D:14         Depths (0/5) D:15
  Slime: Lair:5-6

Altars:
Ashenzari
Cheibriados
Dithmenos
Elyvilon
Fedhas
Gozag
Hepliaklqana
Kikubaaqudgha
Makhleb
Nemelex Xobeh
Okawaru
Qazlal
Ru
Sif Muna
Trog
Uskayaw
Vehumet
Wu Jian
Xom
Yredelemnul
Zin
The Shining One

Shops:
D:5 *}[   D:8 [   D:11 ([   D:13 !


Innate Abilities, Weirdness & Mutations

You are very small and have problems with some larger weapons.
You are too small for most types of armour.
You have supernaturally acute eyesight. (SInv)
You are a herbivore.
You cover ground extremely quickly.
You need consume almost no food.


Message History

Your kobold demonologist zombie crumbles into dust!
Your two-headed ogre zombie crumbles into dust!
Casting: Confuse (safe; 1% risk of failure)
Confirm with . or Enter, or press ? or * to list all spells.
Aiming: Confuse (safe; 1% risk of failure)
Press: ? - help, Shift-Dir - straight line, f/p - fire giant
Aim: a fire giant, wielding a great sword of flaming (lightly wounded, chance to defeat MR: 19%)
The fire giant resists with almost no effort.
The fire giant casts a spell at you.
The fireball explodes!
The fireball engulfs you! You resist.
The fireball engulfs the fire giant.
The fire giant resists.
Casting: Confuse (safe; 1% risk of failure)
Confirm with . or Enter, or press ? or * to list all spells.
Aiming: Confuse (safe; 1% risk of failure)
Press: ? - help, Shift-Dir - straight line, f/p - fire giant
Aim: a fire giant, wielding a great sword of flaming (lightly wounded, chance to defeat MR: 19%)
The fire giant resists with almost no effort.
The fire giant hits you with a great sword of flaming!!
You die...
Kikubaaqudgha rasps: "You have failed me!
Welcome... death!"

..........Z...............
...................)......
.........§................
......≈.§§≈.≈.......###+#.
......§≈#≈≈........#
...≈.#§≈≈≈≈#.§.....#
....≈≈≈§.≈§≈≈......#
....§≈≈≈.C.≈≈≈≈.....#
#.....#§..@..≈#......#
#....≈§≈≈...≈§§≈%....#
#.....≈≈≈≈!≈§≈§......#
#....≈.#≈.≈§≈#§≈.....#+###.
#......§≈≈Z≈≈..............
#.....§§.Z§)Z§.............
...........).........5.....
...........................
..........Z................


You could see a fire giant, 2 friendly kobold zombies and a friendly deep elf
mage zombie.

Vanquished Creatures
  Rupert (D:14)
  Kirke (Lair:4)
  A very ugly thing (D:12)
  A fire dragon (D:13)
  Erolcha (D:9)
  A vault guard (D:14)
  8 hydras
  2 death yaks (Lair:6)
  2 centaur warriors
  7 two-headed ogres
  Urug (Lair:4)
  A tengu warrior (D:13)
  A skeletal warrior (D:14)
  The ghost of anet the Vandal, a novice HuMo of Ashenzari (D:6)
  5 unseen horrors
  2 wizards (D:12)
  Pikel (D:9)
  A harpy (shapeshifter) (D:15)
  11 deep elf magi
  A wolf spider (D:14)
  11 ugly things
  2 cyclopes
  3 manticores
  Maurice (D:9)
  3 black mambas
  Joseph (D:10)
  A guardian serpent (Lair:4)
  Psyche (D:9)
  2 gargoyles
  A kobold demonologist (D:15)
  9 spiny frogs
  A freezing wraith (D:15)
  10 komodo dragons
  A queen bee (D:10)
  3 trolls
  3 hornets
  7 slime creatures
  6 hippogriffs
  A meliai zombie (D:13)
  21 blink frogs
  A shadow (D:8)
  A vampire (D:12)
  Sigmund (D:5)
  2 wyverns
  4 basilisks
  43 yaks
  2 hungry ghosts
  An acid dragon (D:11)
  A soldier ant (D:14)
  4 porcupines
  15 water moccasins
  8 orc warriors
  2 black bears (D:8)
  2 necrophages
  6 sky beasts
  2 ice beasts
  A phantom (D:8)
  3 eyes of draining
  11 wolves
  4 ogres
  6 centaurs
  16 crocodiles
  4 big kobolds
  13 bullfrogs
  A wyvern skeleton (D:13)
  18 killer bees
  9 wights
  4 electric eels
  3 crimson imps
  4 howler monkeys
  2 bullfrog zombies
  3 quasits
  6 hounds
  2 jellies
  12 orc wizards
  A bullfrog skeleton (D:12)
  7 orc priests
  4 centaur skeletons
  An iguana (D:4)
  9 worker ants
  4 hound zombies
  2 worker ant zombies
  8 gnolls
  10 adders
  4 shadow imps
  2 oozes
  2 adder skeletons
  2 worms (D:4)
  2 dart slugs (D:2)
  3 leopard geckos
  49 orcs
  6 ball pythons
  7 bats
  11 giant cockroaches
  9 goblins
  9 hobgoblins
  16 jackals
  8 quokkas
  5 frilled lizards
  25 kobolds
  11 rats
572 creatures vanquished.

Vanquished Creatures (collateral kills)
  A two-headed ogre (D:13)
  A deep elf mage (D:11)
  A yak (D:13)
  An orc warrior (D:11)
  A bullfrog (D:13)
  A wyvern zombie (D:13)
  A wight (D:11)
  3 orcs (D:11)
10 creatures vanquished.

Vanquished Creatures (others)
  2 humans (Lair:4)
  A water moccasin (Lair:4)
  A centaur (Lair:4)
  A gnoll (D:7)
  12 fungi
  22 plants
39 creatures vanquished.

Grand Total: 621 creatures vanquished

Notes
Turn   | Place    | Note
-------+----------+-------------------------------------------
     0 | D:1      | zero the Spriggan Enchanter began the quest for the Orb.
     0 | D:1      | Reached XP level 1. HP: 9/9 MP: 5/5
   517 | D:1      | Reached XP level 2. HP: 13/13 MP: 4/6
   521 | D:1      | Learned a level 2 spell: Ensorcelled Hibernation
   532 | D:1      | Reached skill level 5 in Stealth
  1259 | D:1      | Reached XP level 3. HP: 16/16 MP: 8/8
  2715 | D:2      | Reached skill level 6 in Stealth
  3056 | D:2      | Reached XP level 4. HP: 13/21 MP: 2/9
  3562 | D:4      | Noticed an ogre
  3569 | D:4      | Killed an ogre
  3569 | D:4      | Reached skill level 7 in Stealth
  3569 | D:4      | Reached XP level 5. HP: 22/24 MP: 5/10
  4384 | D:3      | Found an iron altar of Okawaru.
  4897 | D:4      | Reached skill level 8 in Stealth
  4897 | D:4      | Reached XP level 6. HP: 28/28 MP: 11/11
  5160 | D:4      | Reached skill level 5 in Short Blades
  5346 | D:5      | Entered Level 5 of the Dungeon
  5398 | D:5      | Found Fyturo's Antique Armour Shop.
  5406 | D:5      | Bought a glowing hat for 133 gold pieces
  5511 | D:5      | Noticed a sky beast
  5620 | D:6      | Noticed a sky beast
  5827 | D:6      | Killed a sky beast
  5827 | D:6      | Reached skill level 9 in Stealth
  5894 | D:6      | Noticed anet's ghost (novice HuMo)
  6093 | D:5      | Reached XP level 7. HP: 15/32 MP: 6/12
  6408 | D:5      | Found Baqydoh's Assorted Antiques.
  6425 | D:5      | Found Nosiluc's Gadget Shop.
  6645 | D:5      | Noticed Sigmund
  6651 | D:5      | Killed Sigmund
  6966 | D:4      | Found a staircase to the Ecumenical Temple.
  8488 | D:6      | Learned a level 3 spell: Confuse
  8492 | D:6      | Learned a level 3 spell: Tukima's Dance
  8521 | D:6      | Reached XP level 8. HP: 36/36 MP: 12/15
  8573 | D:6      | Killed anet's ghost
  8603 | D:6      | Reached skill level 1 in Fighting
  8696 | D:6      | You fall through a shaft for 2 floors!
  8913 | D:9      | Noticed Erolcha
  8944 | D:9      | Killed Erolcha
  8944 | D:9      | Reached XP level 9. HP: 44/44 MP: 2/16
  9061 | D:9      | Found a staircase to the Lair.
  9071 | Lair:1   | Entered Level 1 of the Lair of Beasts
  9077 | D:9      | Noticed Maurice
  9698 | D:7      | Found a white marble altar of Elyvilon.
 10306 | D:7      | Reached skill level 10 in Stealth
 10462 | D:7      | Noticed a red ugly thing
 10496 | D:7      | Killed a red ugly thing
 10496 | D:7      | Reached skill level 11 in Stealth
 10595 | D:7      | Identified a scroll of acquirement
 10596 | D:7      | Got a fine dagger
 10597 | D:7      | Identified the +9 dagger of a bazaar {freeze, Stlth+} (You acquired it on level 7 of the Dungeon)
 10959 | D:8      | Found Veb Jyuf's Antique Armour Shop.
 11040 | D:8      | Reached XP level 10. HP: 46/49 MP: 0/17
 11157 | D:8      | Reached skill level 12 in Stealth
 11360 | D:8      | Noticed a two-headed ogre
 11369 | D:8      | Killed a two-headed ogre
 11369 | D:8      | Reached skill level 5 in Spellcasting
 11858 | D:10     | Entered Level 10 of the Dungeon
 11880 | D:10     | Reached skill level 5 in Fighting
 12097 | D:9      | Noticed a manticore
 12106 | D:9      | Killed a manticore
 12177 | D:9      | Killed Maurice
 12177 | D:9      | Reached skill level 10 in Hexes
 12193 | D:9      | Noticed Psyche
 12204 | D:9      | Killed Psyche
 12501 | D:9      | Noticed Pikel
 12509 | D:9      | Killed Pikel
 12509 | D:9      | Reached XP level 11. HP: 57/57 MP: 16/21
 12767 | Lair:1   | Reached skill level 10 in Short Blades
 13724 | Lair:1   | Reached skill level 13 in Stealth
 13822 | Lair:2   | Reached skill level 10 in Dodging
 14463 | Lair:2   | Reached skill level 14 in Stealth
 15153 | Temple   | Entered the Ecumenical Temple
 15332 | Temple   | Became a worshipper of Kikubaaqudgha
 15672 | Lair:2   | Reached skill level 15 in Stealth
 15672 | Lair:2   | Reached XP level 12. HP: 42/62 MP: 8/22
 16341 | Lair:3   | Noticed a seven-headed hydra
 16378 | Lair:3   | Killed a seven-headed hydra
 16378 | Lair:3   | Reached * piety under Kikubaaqudgha
 16378 | Lair:3   | Identified Kikubaaqudgha's Guide on Stolen Souls (Kikubaaqudgha gifted it to you on level 3 of the Lair of Beasts)
 16378 | Lair:3   | Received a gift from Kikubaaqudgha
 16384 | Lair:3   | Learned a level 1 spell: Animate Skeleton
 16388 | Lair:3   | Learned a level 3 spell: Regeneration
 16390 | Lair:3   | Learned a level 1 spell: Pain
 16393 | Lair:3   | Learned a level 2 spell: Passwall
 16431 | Lair:3   | Reached skill level 1 in Evocations
 16984 | Lair:4   | Reached skill level 1 in Necromancy
 17048 | Lair:4   | Noticed Urug
 17055 | Lair:4   | Killed Urug
 17127 | Lair:5   | Noticed a four-headed hydra
 17138 | Lair:5   | Killed a four-headed hydra
 17280 | Lair:6   | Entered Level 6 of the Lair of Beasts
 17460 | Lair:4   | Found a staircase to the Snake Pit.
 17482 | Lair:4   | Noticed Kirke
 17485 | Lair:4   | Found a staircase to the Shoals.
 17638 | Lair:4   | Killed Kirke
 17638 | Lair:4   | Reached skill level 15 in Dodging
 17897 | Lair:4   | Noticed a six-headed hydra
 17907 | Lair:4   | Killed a six-headed hydra
 17907 | Lair:4   | Reached ** piety under Kikubaaqudgha
 18136 | Lair:4   | Reached skill level 16 in Stealth
 18695 | Lair:5   | Reached XP level 13. HP: 35/67 MP: 13/23
 20210 | Lair:6   | Reached skill level 5 in Necromancy
 20361 | Lair:6   | Found an iron altar of Okawaru.
 21084 | D:10     | Reached skill level 17 in Stealth
 21299 | D:10     | Reached *** piety under Kikubaaqudgha
 21299 | D:10     | Identified Kikubaaqudgha's Collected Works on Evil Secrets (Kikubaaqudgha gifted it to you on level 10 of the Dungeon)
 21299 | D:10     | Received a gift from Kikubaaqudgha
 21310 | D:10     | Learned a level 4 spell: Animate Dead
 21796 | D:10     | Noticed Joseph
 21810 | D:10     | Killed Joseph
 22893 | D:11     | Reached **** piety under Kikubaaqudgha
 23428 | D:11     | Learned a level 1 spell: Apportation
 23434 | D:11     | Learned a level 5 spell: Agony
 23959 | D:12     | Reached XP level 14. HP: 75/75 MP: 27/27
 24152 | D:11     | Found Vacawk's Weapon Shoppe.
 24190 | D:11     | Found a staircase to the Orcish Mines.
 24191 | D:11     | Found Toqutzucu's Armour Shoppe.
 24210 | D:11     | Bought the +1 cloak of Starlight {rElec rC+ EV+4 Stlth--} for 534 gold pieces
 24210 | D:11     | Found the +1 cloak of Starlight {rElec rC+ EV+4 Stlth--}
 24450 | D:11     | Reached ***** piety under Kikubaaqudgha
 25362 | D:12     | Reached skill level 1 in Shields
 25444 | D:12     | Learned a level 5 spell: Dispel Undead
 25534 | D:12     | Noticed a green very ugly thing
 25711 | D:12     | Killed a cyan very ugly thing
 26222 | D:5      | Bought a hardcover book for 300 gold pieces
 26222 | D:5      | Bought a torn book for 300 gold pieces
 26222 | D:5      | Identified the Incunabulum of Nocuous Orientation (You bought it in a shop on level 5 of the Dungeon)
 27033 | D:13     | Found Pehat's Distillery.
 27042 | D:13     | Bought a potion of invisibility for 128 gold pieces
 27820 | D:13     | Found a burning altar of Makhleb.
 28101 | D:14     | Reached skill level 10 in Spellcasting
 28148 | D:14     | Reached skill level 18 in Stealth
 28330 | D:14     | Reached skill level 10 in Fighting
 28719 | D:14     | Noticed Rupert
 28726 | D:14     | Killed Rupert
 28830 | D:14     | Found a gate to the Vaults.
 29451 | D:15     | Entered Level 15 of the Dungeon
 29598 | D:15     | Reached XP level 15. HP: 74/80 MP: 22/30
 29791 | D:15     | Found a staircase to the Depths.
 29791 | D:15     | Noticed a fire giant
 29852 | D:15     | Reached skill level 19 in Stealth
 29933 | D:15     | Slain by a fire giant

Vault maps used:
D:1:      minmay_arrival_wavy_path, minmay_tall_x
D:2:      minmay_quantized
D:3:      okawaru_metal_pillars_1_2
D:4:      minmay_temple_entry_overgrown, first_ration
D:5:      serial_shops, nicolae_shop_statue_plus, kennysheep_mini_moat, shop,
          uniq_sigmund
D:7:      elyvilon_altar_4, hangedman_decor_points
D:8:      minmay_the_grid_octo_triangle, serial_shops, nicolae_shop_behind_doors
D:9:      lair_entry_dummy, uniq_erolcha, uniq_pikel, uniq_psyche, uniq_maurice
D:10:     david_nohive_1, uniq_joseph
D:11:     orc_david_3, elves_outpost_lemuel
D:12:     cheibrodos_breeding_chamber, kennysheep_generic_room_8
D:13:     serial_shops, nicolae_shop_competitors_out_of_business,
          makhleb_altar_promises_db
D:14:     david_vaults_5, serial_glass, glass_columns_c, glass_columns_a,
          feat_on_display, feat_on_display, feat_on_display,
          due_unseen_surprise, uniq_rupert
D:15:     grunt_enter_depths_giant_problem, serial_park_square1
Temple:   kilobyte_greek_temple
Lair:2:   lemuel_fruit_fields
Lair:3:   beast_lair_carwin_5
Lair:4:   minmay_shoals_entry_centaurs, minmay_snake_entry_spellcaster,
          infiniplex_staircase_pool, uniq_kirke, uniq_urug
Lair:5:   serial_bayou_shore_b, infiniplex_staircase_pool_2
Lair:6:   due_jungle_book, slime_altar_2, basic_altar, minivault_26,
          minmay_stone_trees_medium, serial_bayou_ford_a

Skill      XL: |  1  2  3  4  5  6  7  8  9 10 11 12 13 14 15 |
---------------+----------------------------------------------+-----
Short Blades   | 2 3 4 5 7 9 10 | 10.0
Stealth        | 5 6 7 8 9 11 12 15 16 17 18 19 | 19.0
Spellcasting   | 3 4 6 8 10 | 10.0
Hexes          | 4 7 9 10 | 10.0
Fighting       | 3 6 7 9 10 | 10.0
Dodging        | 7 8 11 15 | 15.1
Evocations     | 2 |  2.1
Necromancy     | 3 7 8 |  8.0
Shields        | 4 |  4.7

Action                   |  1- 3 |  4- 6 |  7- 9 | 10-12 | 13-15 || total
-------------------------+-------+-------+-------+-------+-------++-------
Melee: Dagger            |   208 |   143 |   286 |   401 |   709 ||  1747
Throw: Stone             |     3 |       |       |       |       ||     3
 Cast: Corona            |     5 |     1 |       |     3 |     1 ||    10
       Ensorcelled Hiber |    15 |    31 |    76 |   183 |   308 ||   613
       Confuse           |       |       |    17 |     8 |    70 ||    95
       Animate Dead      |       |       |       |       |    11 ||    11
       Pain              |       |       |       |       |     9 ||     9
       Regeneration      |       |       |       |       |     2 ||     2
       Animate Skeleton  |       |       |       |       |     1 ||     1
       Dispel Undead     |       |       |       |       |     5 ||     5
       Agony             |       |       |       |       |     4 ||     4
       Tukima's Dance    |       |       |       |       |     2 ||     2
Invok: Receive Corpses   |       |       |       |       |     3 ||     3
Evoke: Wand              |       |       |       |       |    14 ||    14
       Lightning rod     |       |       |       |       |     5 ||     5
       Phial of floods   |       |       |       |       |     1 ||     1
       Phantom mirror    |       |       |       |       |     1 ||     1
  Use: Scroll            |       |       |    21 |     5 |     9 ||    35
       Potion            |       |       |       |     1 |     1 ||     2
 Stab: Sleeping          |    22 |    33 |    53 |    93 |   145 ||   346
       Distracted        |       |       |     2 |    10 |     8 ||    20
       Confused          |       |       |    12 |     1 |    26 ||    39
  Eat: Ration            |     1 |     2 |     5 |     4 |    10 ||    22
Armor: Robe              |    20 |    12 |    28 |    22 |    51 ||   133
Dodge: Dodged            |   160 |   103 |   224 |   502 |  1091 ||  2080

Table legend:
 A = Spawn XP
 B = Non-spawn XP
 C = Spawn XP percentage of total XP
 D = Spawn monster count
 E = Non-spawn monster count
 F = Spawn count percentage of total count
 G = Total turns spent on level
                    A         B        C        D         E        F      G
               +---------+---------+-------+---------+---------+-------+---------
         Total |       0 |  106347 |   0.0 |       0 |     582 |   0.0 | 29933
               +---------+---------+-------+---------+---------+-------+---------
           D:1 |       0 |      50 |   0.0 |       0 |      28 |   0.0 |  2037
           D:2 |       0 |     118 |   0.0 |       0 |      33 |   0.0 |  1706
           D:3 |       0 |     113 |   0.0 |       0 |      22 |   0.0 |  1255
           D:4 |       0 |     435 |   0.0 |       0 |      25 |   0.0 |  1845
           D:5 |       0 |     477 |   0.0 |       0 |      15 |   0.0 |  1211
           D:6 |       0 |    1122 |   0.0 |       0 |      10 |   0.0 |  1221
           D:7 |       0 |    1524 |   0.0 |       0 |      24 |   0.0 |  1430
           D:8 |       0 |    2964 |   0.0 |       0 |      36 |   0.0 |  1272
           D:9 |       0 |    3553 |   0.0 |       0 |      13 |   0.0 |   980
          D:10 |       0 |    4805 |   0.0 |       0 |      48 |   0.0 |  1712
          D:11 |       0 |   11209 |   0.0 |       0 |      54 |   0.0 |  1972
          D:12 |       0 |   14242 |   0.0 |       0 |      51 |   0.0 |  1843
          D:13 |       0 |    9957 |   0.0 |       0 |      43 |   0.0 |  1936
          D:14 |       0 |   13391 |   0.0 |       0 |      24 |   0.0 |  1116
          D:15 |       0 |    5416 |   0.0 |       0 |      15 |   0.0 |   361
        Lair:1 |       0 |    4797 |   0.0 |       0 |      24 |   0.0 |  1852
        Lair:2 |       0 |    5805 |   0.0 |       0 |      26 |   0.0 |   812
        Lair:3 |       0 |    6769 |   0.0 |       0 |      24 |   0.0 |  1053
        Lair:4 |       0 |    6975 |   0.0 |       0 |      18 |   0.0 |  1173
        Lair:5 |       0 |    4539 |   0.0 |       0 |      19 |   0.0 |  1708
        Lair:6 |       0 |    8086 |   0.0 |       0 |      30 |   0.0 |  1216
               +---------+---------+-------+---------+---------+-------+---------
